 Dungeon Crawl Stone Soup version 0.24.0-1-gfbc8707 (webtiles) character file.

Game seed: 5571160550642788561, levelgen mode: deterministic

185919 Coron the Severer (level 17, -3/189 HPs)
             Began as a Deep Dwarf Berserker on Nov 5, 2019.
             Was a High Priest of Trog.
             Killed from afar by Jorgrun (51 damage)
             ... with an iron shot
             ... on level 2 of the Swamp on Nov 6, 2019.
             The game lasted 02:55:20 (32294 turns).

Coron the Severer (Deep Dwarf Berserker)           Turns: 32294, Time: 02:55:21

Health: -3/189     AC: 35    Str: 26    XL:     17   Next: 42%
Magic:  25/25      EV:  9    Int: 14    God:    Trog [*****.]
Gold:   370        SH:  0    Dex: 18    Spells: 16/16 levels left

rFire    . . .     SeeInvis .   x - +4 executioner's axe (chop)
rCold    . . .     Gourm    +   (shield currently unavailable)
rNeg     + + .     Faith    .   Z - +7 plate armour of Maqeq {rElec MR+ rCorr}
rPois    +         Spirit   .   W - +2 helmet
rElec    +         Reflect  .   E - +0 cloak
rCorr    +         Harm     .   t - +2 pair of gloves {Dex+3}
MR       +++++                  w - +0 pair of boots "Yxilamy" {+Fly}
Stlth    ..........             S - amulet of the gourmand
HPRegen  1.00/turn              P - ring of the Distant Future {+Inv rElec rN+ Int+4 Dex+3}
MPRegen  0.19/turn              e - ring of poison resistance

@: grasped by roots, very slightly contaminated, non-regenerating, constricted
A: damage resistance, heal wounds, negative energy resistance 1, sense
surroundings 2, robust 1, no regeneration
}: 1/15 runes: serpentine
a: Heal Wounds, Berserk, Trog's Hand, Brothers in Arms, Renounce Religion, Evoke
Invisibility, Evoke Flight


You were on level 2 of the Swamp.
You worshipped Trog.
Trog was extremely pleased with you.
You were hungry.

You visited 5 branches of the dungeon, and saw 29 of its levels.
You also visited: Gauntlet.

You collected 3173 gold pieces.
You spent 2803 gold pieces at shops.

Inventory:

Hand Weapons
 j - a +3 broad axe of chopping
 x - a +4 executioner's axe of chopping (weapon)
 B - a +2 vampiric glaive
 I - the +13 triple sword "Tofixtuo" {flame, Int+5 Dex+4}
   (Trog gifted it to you on level 6 of the Lair of Beasts)

   It has been specially enchanted to burn those struck by it, causing extra
   injury to most foes and up to half again as much damage against particularly
   susceptible opponents.
   Big, fiery blades are also staple armaments of hydra-hunters.
   It affects your intelligence (+5).
   It affects your dexterity (+4).
Missiles
 f - 2 silver javelins
 q - 3 curare-tipped darts
 z - 52 poisoned darts
 O - 35 javelins (quivered)
Armour
 r - a +3 chain mail of cold resistance
 t - a +2 pair of gloves of dexterity (worn)
 w - the +0 pair of boots "Yxilamy" (worn) {+Fly}
   (You acquired it on level 2 of the Lair of Beasts)

   It lets you fly.
 E - a +0 cloak (worn)
 W - a +2 helmet (worn)
 Z - the +7 plate armour of Maqeq (worn) {rElec MR+ rCorr}
   (You bought it in a shop on level 1 of the Snake Pit)

   It insulates you from electricity.
   It affects your resistance to hostile enchantments.
   It provides partial protection from all sources of acid and corrosion.
Jewellery
 e - a ring of poison resistance (right hand)
 g - a +2 ring of protection
 D - an uncursed ring of protection from cold
 K - an uncursed ring of resist corrosion
 P - the ring of the Distant Future (left hand) {+Inv rElec rN+ Int+4 Dex+3}
   (You found it in a Gauntlet)

   [ring of intelligence]

   It affects your intelligence (+4).
   It affects your dexterity (+3).
   It insulates you from electricity.
   It protects you from negative energy.
   It lets you turn invisible.
 S - an amulet of the gourmand (around neck)
 T - a +5 ring of evasion
 X - an uncursed ring of see invisible
Wands
 y - a wand of clouds (4)
 C - a wand of digging (24)
 F - a wand of flame (76)
 H - a wand of paralysis (8)
 L - a wand of scattershot (5)
 M - a wand of disintegration (36)
 V - a wand of acid (21)
Scrolls
 b - a scroll of fog
 i - a scroll of holy word
 k - 2 scrolls of fear
 p - 3 scrolls of enchant weapon
 s - 13 scrolls of teleportation
 u - 5 scrolls of magic mapping
 v - 3 scrolls of remove curse
 J - a scroll of silence
Potions
 a - 4 potions of resistance
 d - 5 potions of might
 h - 2 potions of agility
 m - 3 potions of mutation
 o - 13 potions of curing
 A - 5 potions of haste
 N - 9 potions of heal wounds
 Q - a potion of invisibility
 U - a potion of ambrosia
Miscellaneous
 l - a lamp of fire (inert)
 G - a phial of floods (inert)
 Y - a lightning rod (4/4)
Comestibles
 c - 52 rations
 R - 4 chunks of flesh


   Skills:
 + Level 15.9 Fighting
 - Level 18.0 Axes
 - Level 16.0 Armour
 - Level 6.0 Dodging
   Level 5.0 Shields
 - Level 16.0 Evocations


You had 16 spell levels left.
You didn't know any spells.
Your spell library was empty.

Dungeon Overview and Level Annotations

Branches:
Dungeon (15/15)            Temple (0/1) D:7            Lair (6/6) D:9
  Swamp (1/4) Lair:3        Snake (4/4) Lair:3        Slime (0/5) Lair:5
    Orc (2/2) D:11            Elf (0/3) Orc:2        Vaults (0/5) D:14
 Depths (0/5) D:15        Gauntlet (visited)

Altars:
Ashenzari
Fedhas
Gozag
Hepliaklqana
Makhleb
Nemelex Xobeh
Qazlal
Ru
Uskayaw
Yredelemnul
Zin
Jiyva

Shops:
D:8 :   D:9 ?   D:12 }?*((   D:13 =   Orc:1 [(   Orc:2 (}!!   Snake:1 }=}[!*?*
Snake:3 !   Snake:4 !

Portals:
Pandemonium: Orc:2
Trove: D:11 (give 16 potions of curing)

Annotations:
D:9 1 runed translucent door
Lair:6 it's ya boy death yaks
Swamp:2 Jorgrun


Innate Abilities, Weirdness & Mutations

You are resistant to damage.
You can heal yourself by infusing magical energy.
You resist negative energy. (rN+)
You passively map the area around you.
You do not regenerate.
You are robust. (+10% HP)


Message History

Your water elemental hits the nine-headed hydra!
The nine-headed hydra dies!
Trog accepts your kill.
Your water elemental hits the tyrant leech!!
Your skin crawls.
You feel resistant to hostile enchantments.
You are feeling hungry.
The tyrant leech closely misses your water elemental.
Your water elemental misses Jorgrun.
Your water elemental closely misses the tyrant leech.
Evoke which item? (* to show all) (? for menu, Esc to quit)
Aiming: Throw Flame
Press: ? - help, Shift-Dir - straight line, f - bog body
Aim: a bog body (almost destroyed)
The puff of flame hits Jorgrun!
Jorgrun is severely wounded.
Jorgrun is engulfed in a cloud of scalding steam.
Jorgrun casts a spell at you. The iron shot hits you!!!
You die...

≈≈≈ * ≈ ≈≈≈≈♣ ♣
≈ ≈≈≈≈ ♣≈ ≈
♣≈≈≈ ≈ *** ♣..,
.≈≈♣♣.. ≈** ,,
.≈ ,...≈.♣ , ≈
♣≈♣♣ ...§.♣ ≈≈
♣...♣....♣ ≈ ≈
♣.≈.@.$≈.♣* ≈
♣♣≈....≈≈≈... ≈
♣...≈.≈≈≈.... ≈
♣♣♣.≈≈≈§≈..≈≈≈♣
, ,
♣≈≈≈≈≈≈g♣♣♣.≈≈♣
♣.≈≈≈≈≈En≈♣♣(.♣
, ♣.≈≈≈≈Ew≈≈♣
♣♣♣ **
♣♣≈≈≈≈≈≈≈♣
♣.≈≈≈≈≈≈≈..≈≈≈*


You could see Jorgrun and a friendly water elemental.

Vanquished Creatures
  Frances (D:14)
  Gastronok (Lair:2)
  A thorn hunter (Swamp:1)
  Agnes (Snake:1)
  Kirke (D:13)
  7 nagarajas
  An orc warlord (Orc:2)
  Aizul (Snake:1)
  The ghost of shmeve the Fighter, a journeyman MiBe of Trog (Lair:2)
  A dire elephant (D:15)
  Nessos (D:13)
  A minotaur (Gauntlet)
  Snorg (D:14)
  Josephine (D:13)
  2 ogre magi
  4 vault guards (D:14)
  Fannar (Lair:3)
  13 naga warriors
  A rakshasa (D:15)
  A catoblepas (D:15)
  8 hydras
  Harold (D:8)
  7 anacondas
  7 death yaks
  The ghost of Firecrotchwizard the Carver, a novice MiBe of Trog (D:10)
  2 alligators (Swamp:1)
  A two-headed ogre (D:13)
  3 tengu warriors
  9 orc high priests
  13 naga sharpshooters
  5 shock serpents
  2 salamander mystics (Snake:2)
  2 unseen horrors (D:15)
  4 gelid demonspawn (Orc:2)
  A swamp dragon (Swamp:1)
  7 naga ritualists
  6 orc knights
  6 orc sorcerers
  6 mana vipers
  4 deep elf magi
  A wolf spider (D:15)
  A manticore (shapeshifter) (D:15)
  12 salamanders
  A manticore (D:15)
  4 cyclopes
  2 guardian serpents
  2 rust devils (Orc:2)
  A centaur zombie (D:13)
  18 black mambas
  25 naga magi
  A smoke demon (Orc:2)
  3 gargoyles
  A torpor snail (Gauntlet)
  3 rime drakes
  10 komodo dragons
  32 spiny frogs
  A freezing wraith (D:14)
  2 tengu conjurers
  A red devil (Orc:2)
  3 trolls
  A queen bee (Gauntlet)
  A hornet (D:15)
  5 tyrant leeches (Lair:6)
  A polar bear (Lair:6)
  4 bog bodies (Swamp:1)
  19 blink frogs
  7 hippogriffs
  2 slime creatures (D:15)
  A wyvern (D:10)
  45 yaks
  2 humans
  2 shadows
  2 basilisks
  7 hogs
  7 wraiths
  Grum (D:8)
  3 hungry ghosts
  9 vampire mosquitoes
  A neqoxec (Orc:2)
  A swamp worm (Swamp:1)
  Menkaure (D:6)
  5 wargs
  41 nagas
  3 acid dragons
  9 water moccasins
  7 porcupines
  A hornet zombie (D:15)
  2 ice beasts
  2 necrophages (Swamp:1)
  2 phantoms (D:7)
  An eye of draining (shapeshifter) (Gauntlet)
  2 black bears
  6 sky beasts
  29 orc warriors
  9 wolves
  15 ogres
  12 crocodiles
  25 centaurs
  34 bullfrogs
  2 wyvern zombies (D:12)
  3 scorpions
  A wyvern skeleton (D:8)
  5 killer bees (Gauntlet)
  10 howler monkeys
  15 wights
  An electric eel (D:9)
  8 crimson imps
  3 bullfrog zombies (D:6)
  2 quasits
  7 hounds
  7 jellies
  28 orc priests
  4 bullfrog skeletons
  9 centaur skeletons
  An iguana (D:14)
  Natasha (thrice) (D:3)
  16 orc wizards
  14 worker ants
  A killer bee zombie (D:10)
  2 centaur simulacra
  A hound skeleton (D:8)
  4 gnolls (D:2)
  12 adders
  2 shadow imps
  2 adder skeletons
  5 worms
  7 leopard geckos
  84 orcs
  6 giant cockroaches
  12 goblins
  6 hobgoblins
  2 jackals (D:10)
  11 kobolds
  8 quokkas
  A ball python (D:3)
  9 bats
  3 frilled lizards
  3 rats
  6 fungi
  2 plants
916 creatures vanquished.

Vanquished Creatures (collateral kills)
  A hydra (Swamp:2)
1 creature vanquished.

Vanquished Creatures (others)
  Erica (D:8)
  2 orcs
  21 fungi
  45 plants (Lair:6)
69 creatures vanquished.

Grand Total: 986 creatures vanquished

Notes
Turn   | Place    | Note
-------+----------+-------------------------------------------
     0 | D:1      | Coron the Deep Dwarf Berserker began the quest for the Orb.
     0 | D:1      | Reached XP level 1. HP: 20/20 MP: 1/1
   188 | D:1      | Reached XP level 2. HP: 27/27 MP: 2/2
   892 | D:2      | Reached XP level 3. HP: 25/34 MP: 3/3
   894 | D:2      | Reached skill level 4 in Axes
   918 | D:2      | Reached XP level 4. HP: 25/42 MP: 4/4
  1145 | D:2      | Reached ** piety under Trog
  1775 | D:3      | Noticed Natasha
  1781 | D:3      | Killed Natasha
  1781 | D:3      | Reached XP level 5. HP: 49/49 MP: 4/4
  1828 | D:3      | Found a sparkling altar of Nemelex Xobeh.
  2020 | D:3      | Noticed Natasha
  2038 | D:3      | Killed Natasha
  2144 | D:3      | Reached *** piety under Trog
  2176 | D:3      | Noticed Natasha
  2184 | D:3      | Killed Natasha
  2391 | D:4      | Reached skill level 5 in Armour
  2391 | D:4      | Reached XP level 6. HP: 32/57 MP: 5/5
  2492 | D:4      | Reached skill level 5 in Axes
  2694 | D:4      | Found a stormy altar of Qazlal.
  2695 | D:4      | Found a shattered altar of Ashenzari.
  2701 | D:4      | Found a blossoming altar of Fedhas.
  2706 | D:4      | Found a basalt altar of Yredelemnul.
  2978 | D:4      | Reached skill level 1 in Evocations
  2984 | D:4      | Reached XP level 7. HP: 43/64 MP: 4/6
  3036 | D:5      | Entered Level 5 of the Dungeon
  3133 | D:5      | Reached skill level 6 in Axes
  3757 | D:5      | Found a hide-covered altar of Uskayaw.
  3769 | D:5      | Found a sparkling altar of Nemelex Xobeh.
  3814 | D:6      | Reached XP level 8. HP: 49/73 MP: 9/9
  3908 | D:6      | Reached skill level 5 in Fighting
  3972 | D:6      | Reached skill level 7 in Axes
  4071 | D:6      | Reached skill level 8 in Axes
  4170 | D:6      | Reached skill level 5 in Evocations
  4189 | D:6      | Noticed Menkaure
  4201 | D:6      | Killed Menkaure
  4321 | D:6      | Found an opulent altar of Gozag.
  4607 | D:7      | Gained mutation: You passively map the area around you.
                  | [Deep Dwarf growth]
  4607 | D:7      | Reached XP level 9. HP: 55/82 MP: 10/10
  5107 | D:7      | Found a staircase to the Ecumenical Temple.
  5246 | D:7      | Reached skill level 9 in Axes
  5259 | D:7      | Reached **** piety under Trog
  5436 | D:8      | Noticed Erica
  5577 | D:8      | Noticed Grum
  5653 | D:8      | Killed Grum
  5706 | D:8      | Noticed Harold
  5726 | D:8      | Killed Harold
  5726 | D:8      | Reached XP level 10. HP: 60/96 MP: 11/11
  5735 | D:8      | Reached skill level 10 in Armour
  5933 | D:8      | Killed Erica
  6048 | D:8      | Found Kokoucemp's Book Shop.
  6289 | D:9      | Found a staircase to the Lair.
  6301 | D:9      | Found a glowing silver altar of Zin.
  6301 | D:9      | Found a runed translucent door.
  6301 | D:9      | Noticed an angel
  6542 | D:9      | Found Xaennu's Magic Scroll Emporium.
  6911 | D:10     | Entered Level 10 of the Dungeon
  7053 | D:10     | Reached skill level 10 in Axes
  7067 | D:10     | Found a burning altar of Makhleb.
  7067 | D:10     | Noticed a cacodemon
  7398 | D:10     | Noticed Firecrotchwizard's ghost (novice MiBe)
  7400 | D:10     | Found a runed translucent door.
  7614 | D:10     | Received a gift from Trog
  7905 | D:11     | Found a portal to a secret trove of treasure.
  7987 | D:11     | Reached XP level 11. HP: 88/103 MP: 12/12
  7992 | D:11     | Reached skill level 11 in Axes
  8062 | D:11     | Found a gate leading to a gauntlet.
  8071 | Gauntlet | Entered a Gauntlet
  8071 | Gauntlet | Found a transporter.
  8071 | Gauntlet | Found a transporter.
  8074 | Gauntlet | Found a transporter.
  8074 | Gauntlet | Found a transporter.
  8076 | Gauntlet | Noticed a catoblepas
  8077 | Gauntlet | Found a transporter.
  8090 | Gauntlet | Found a transporter.
  8138 | Gauntlet | Noticed an orb spider
  8140 | Gauntlet | Found a transporter.
  8155 | Gauntlet | Found a transporter.
  8170 | Gauntlet | Found a transporter.
  8180 | Gauntlet | Found a transporter.
  8185 | Gauntlet | Noticed a tengu warrior
  8186 | Gauntlet | Found a transporter.
  8200 | Gauntlet | Found a transporter.
  8200 | Gauntlet | Noticed an entropy weaver
  8381 | Gauntlet | Got a faintly glowing silver ring
  8384 | Gauntlet | Identified the ring of the Distant Future {+Inv rElec rN+
                  | Int+4 Dex+3} (You found it in a Gauntlet)
  8513 | Gauntlet | Reached skill level 12 in Axes
  8543 | Gauntlet | Identified 2 scrolls of acquirement
  8577 | Gauntlet | Killed a tengu warrior
  8611 | Gauntlet | Noticed a minotaur
  8631 | Gauntlet | Killed a minotaur
  9125 | D:11     | Got a warped buckler
  9131 | D:11     | Identified the +0 buckler of Coronation {rPois MR+ Dex-5}
                  | (You acquired it on level 11 of the Dungeon)
  9216 | D:11     | Found a staircase to the Orcish Mines.
  9613 | D:11     | Reached skill level 10 in Fighting
 10138 | D:12     | Found Veehism's Gadget Emporium.
 10282 | D:12     | Noticed a tengu warrior
 10300 | D:12     | Killed a tengu warrior
 10300 | D:12     | Reached skill level 5 in Dodging
 10323 | D:12     | Noticed a deep elf mage
 10337 | D:12     | Reached XP level 12. HP: 80/116 MP: 12/12
 10527 | D:12     | Found Izexzon's Magic Scroll Boutique.
 10548 | D:12     | Found Pyulewusch's Antique Weapon Shoppe.
 10552 | D:12     | Found Dadaych's Weapon Boutique.
 10648 | D:12     | Found Mefimarr's Assorted Antiques.
 10669 | D:12     | Noticed an ogre mage
 10678 | D:12     | Killed an ogre mage
 11358 | D:10     | Killed Firecrotchwizard's ghost
 11429 | Orc:1    | Entered Level 1 of the Orcish Mines
 11507 | Orc:1    | Noticed an orc high priest
 11699 | Orc:1    | Gained mutation: You are robust. (+10% HP) [a neqoxec]
 11704 | Orc:1    | Killed an orc high priest
 11891 | Orc:1    | Found Archopoim's Antique Armour Shop.
 11909 | Orc:1    | Bought a glowing buckler for 157 gold pieces
 12032 | Orc:2    | Entered Level 2 of the Orcish Mines
 12050 | Orc:1    | Found Otiagex's Weapon Boutique.
 12195 | Orc:1    | Reached skill level 1 in Shields
 12751 | Orc:2    | Reached skill level 10 in Evocations
 12827 | Orc:2    | Found a staircase to the Elven Halls.
 13167 | Orc:2    | Noticed an orc warlord
 13181 | Orc:2    | Killed an orc warlord
 13372 | Orc:2    | Found Atiph's Distillery.
 13418 | Orc:2    | Reached skill level 5 in Shields
 13552 | Orc:2    | Found Azidumou's Distillery.
 13710 | Orc:2    | Reached XP level 13. HP: 86/139 MP: 17/17
 13763 | Orc:2    | Reached skill level 13 in Axes
 13782 | Orc:2    | Reached ***** piety under Trog
 14157 | Orc:2    | Reached skill level 14 in Axes
 14194 | Orc:2    | Received a gift from Trog
 14459 | Orc:2    | Found Sewi Doi's Gadget Shoppe.
 14459 | Orc:2    | Found a one-way gate leading to the halls of Pandemonium.
 14459 | Orc:2    | Found Orahagast's Antique Weapon Emporium.
 14622 | D:12     | Bought a dazzling chain mail for 313 gold pieces
 14632 | D:12     | Identified the cursed +1 chain mail "Fixugile" {rElec} (You
                  | bought it in a shop on level 12 of the Dungeon)
 14787 | Orc:2    | Bought a lamp of fire for 520 gold pieces
 14933 | D:12     | Bought a scroll of teleportation for 33 gold pieces
 14933 | D:12     | Bought a scroll of teleportation for 33 gold pieces
 14933 | D:12     | Bought a scroll of enchant armour for 82 gold pieces
 14933 | D:12     | Bought a scroll of blinking for 82 gold pieces
 15036 | D:9      | Bought a scroll of teleportation for 33 gold pieces
 15036 | D:9      | Bought a scroll of fog for 22 gold pieces
 15036 | D:9      | Bought a scroll of holy word for 82 gold pieces
 15036 | D:9      | Bought a scroll of enchant weapon for 82 gold pieces
 15071 | Lair:1   | Entered Level 1 of the Lair of Beasts
 15275 | Lair:1   | Found a hazy altar of Hepliaklqana.
 16097 | Lair:2   | Noticed Gastronok
 16121 | Lair:2   | Killed Gastronok
 16121 | Lair:2   | Reached skill level 15 in Axes
 16173 | Lair:2   | Found a runed translucent gate.
 16173 | Lair:2   | Found a runed translucent gate.
 16173 | Lair:2   | Found a runed translucent gate.
 16173 | Lair:2   | Noticed shmeve's ghost (journeyman MiBe)
 16183 | Lair:2   | Got a translucent hand axe
 16184 | Lair:2   | Identified the +10 hand axe "Tormentor" {speed, Int+3} (You
                  | found it on level 2 of the Lair of Beasts)
 16472 | Lair:2   | Got a pair of slimy boots
 16483 | Lair:2   | Identified the +0 pair of boots "Yxilamy" {+Fly} (You
                  | acquired it on level 2 of the Lair of Beasts)
 17324 | Lair:3   | Noticed Fannar
 17337 | Lair:3   | Killed Fannar
 17337 | Lair:3   | Gained mutation: You resist negative energy. (rN+) [Deep
                  | Dwarf growth]
 17337 | Lair:3   | Reached XP level 14. HP: 151/151 MP: 17/17
 17388 | Lair:3   | Found a staircase to the Swamp.
 17491 | Lair:3   | Reached skill level 16 in Axes
 17517 | Lair:3   | Found a staircase to the Snake Pit.
 19109 | Lair:5   | Found a viscous altar of Jiyva.
 19109 | Lair:5   | Found a staircase to the Slime Pits.
 19415 | Lair:6   | Entered Level 6 of the Lair of Beasts
 19976 | Lair:6   | Received a gift from Trog
 19981 | Lair:6   | Got a smoking triple sword {god gift}
 19987 | Lair:6   | Identified the +13 triple sword "Tofixtuo" {flame, Int+5
                  | Dex+4} (Trog gifted it to you on level 6 of the Lair of
                  | Beasts)
 21211 | Lair:6   | Reached XP level 15. HP: 162/162 MP: 20/20
 21579 | D:13     | Found Gien's Jewellery Shoppe.
 21858 | D:13     | Received a gift from Trog
 22220 | D:13     | Noticed Kirke
 22235 | D:13     | Killed Kirke
 22364 | D:13     | Noticed Nessos
 22383 | D:13     | Killed Nessos
 22409 | D:13     | Noticed Josephine
 22441 | D:13     | Killed Josephine
 22803 | D:14     | Found a sacrificial altar of Ru.
 22866 | D:14     | Noticed Snorg
 22879 | D:14     | Killed Snorg
 23434 | D:14     | Noticed Frances
 23441 | D:14     | Killed Frances
 23913 | D:14     | Found a gate to the Vaults.
 23928 | D:14     | Received a gift from Trog
 23994 | D:15     | Entered Level 15 of the Dungeon
 24147 | D:15     | Reached skill level 15 in Armour
 24162 | D:15     | Found a staircase to the Depths.
 24589 | D:15     | Found a hazy altar of Hepliaklqana.
 25392 | D:15     | Found a blossoming altar of Fedhas.
 25705 | Snake:1  | Entered Level 1 of the Snake Pit
 25872 | Snake:1  | Found Keiluome's General Store.
 25972 | Snake:1  | Reached XP level 16. HP: 165/174 MP: 22/22
 26042 | Snake:1  | Noticed Agnes
 26057 | Snake:1  | Killed Agnes
 26135 | Snake:1  | Noticed Aizul
 26156 | Snake:1  | Killed Aizul
 26211 | Snake:1  | Found Kialy's Distillery.
 26342 | Snake:1  | Found Dalujeipn's Gadget Emporium.
 26342 | Snake:1  | Found Ganenwog's Jewellery Boutique.
 26349 | Snake:1  | Found Fiamok's Gadget Emporium.
 26360 | Snake:1  | Bought an uncursed ring of poison resistance for 300 gold
                  | pieces
 26381 | Snake:1  | Found Cutwozxong's Antique Armour Shop.
 26403 | Snake:1  | Bought a jewelled plate armour for 1064 gold pieces
 26413 | Snake:1  | Identified the +7 plate armour of Maqeq {rElec MR+ rCorr}
                  | (You bought it in a shop on level 1 of the Snake Pit)
 26633 | Snake:1  | Found Adiosof's Assorted Antiques.
 26649 | Snake:1  | Found Locrevvy's Magic Scroll Shop.
 26847 | Snake:2  | Reached skill level 17 in Axes
 27087 | Snake:2  | You fall into a shaft and drop 1 floor!
 27294 | Snake:3  | Received a gift from Trog
 27653 | Snake:2  | Reached skill level 18 in Axes
 28104 | Snake:3  | Found Muqomuobb's Distillery.
 28618 | Snake:3  | Reached skill level 15 in Evocations
 28893 | Snake:4  | Entered Level 4 of the Snake Pit
 30323 | Snake:4  | Reached XP level 17. HP: 142/184 MP: 25/25
 30412 | Snake:4  | Found Jysilei's Distillery.
 30944 | Snake:4  | Reached skill level 15 in Fighting
 31649 | Snake:4  | Got a serpentine rune of Zot
 31971 | Lair:2   | Killed shmeve's ghost
 32080 | Swamp:1  | Entered Level 1 of the Swamp
 32121 | Swamp:1  | Received a gift from Trog
 32284 | Swamp:1  | You fall into a shaft and drop 1 floor!
 32285 | Swamp:2  | Noticed Jorgrun
 32294 | Swamp:2  | Killed from afar by Jorgrun

Levels and vault maps discovered:
D:1:      dpeg_arrival_prison, layout_loops_ring
D:2:      layout_basic, minmay_misc_feat_tower, hangedman_decor_clover_reticule
D:3:      layout_rooms, nemelex_diamond_rough_becter, uniq_natasha
D:4:      layout_rooms, minitemple, first_ration, serial_park_tiny_2
D:5:      layout_basic, amethyst_overflow_temple_binary
D:6:      layout_rooms, grunt_gozag_breadcrumbs, minmay_misc_feat_roman,
          minmay_fractal_squares_gapless_5, uniq_menkaure
D:7:      layout_loops_cross, minmay_temple_entry_offerings, grunt_livestock,
          palyth_stone_intersect
D:8:      layout_basic, serial_shops, kennysheep_mini, uniq_erica, uniq_harold,
          uniq_grum
D:9:      layout_basic, lair_entry_dummy, serial_shops, shop, minivault_4,
          st_stairs_13, lemuel_angel_altar
D:10:     layout_loops_ring, hellmonk_ghost_happy_afterlife,
          makhleb_altar_promises_db
D:11:     layout_basic, erik_orc_3, nicolae_trove_entry_crossroad,
          gauntlet_entry_generic, lightli_fourway_metalbox
D:12:     layout_irregular_city, serial_shops, nicolae_shop_stone,
          nicolae_shop_stone, shop_coins, shop, kennysheep_mini_moat,
          minmay_bent
D:13:     layout_long_grid, serial_shops, shop_fountains, uniq_josephine,
          uniq_kirke, uniq_nessos
D:14:     layout_grid_maze, grunt_vaults_entry_fortified,
          minmay_misc_feat_square, nicolae_ru_path_of_blood, uniq_frances,
          uniq_snorg
D:15:     hangedman_depths_entry_try_elsewhere_first, layout_long_grid,
          basic_altar, fedhas_altar_4
Lair:1:   layout_chaotic_city, basic_altar, chequers_serial_rivers_small_b
Lair:2:   layout_cave_pods, ebering_ghost_rock_garden, uniq_gastronok
Lair:3:   layout_loops_ring, swamp_mist, minmay_snake_entry_guardpost_medium,
          uniq_fannar
Lair:4:   layout_regular_city, grunt_megastairs_2
Lair:5:   layout_regular_city, slime_altar_1, grunt_megastairs_4
Lair:6:   minmay_lair_end_frog_pond, layout_regular_city, st_stairs_7,
          ldierk_geyser
Swamp:1:  layout_basic_swamp, evilmike_swamp_ruin_rubble_2, swamp_pool2,
          hangedman_swamp_blocks, hangedman_swamp_ravenous,
          infiniplex_staircase_pool_2
Swamp:2:  layout_basic_swamp, lemuel_altar_in_water, swamp_pool2, uniq_jorgrun
Snake:1:  layout_gridlike, serial_shops, shop, shop,
          nicolae_shop_window_shopping, nicolae_shop_waterfront, shop,
          serial_bayou_shore_b, minmay_shop_grove, uniq_agnes, uniq_aizul
Snake:2:  layout_gridlike
Snake:3:  layout_chambers, serial_shops, shop
Snake:4:  snake_pit, layout_cave_town, serial_shops, shop
Orc:1:    layout_caves, serial_shops, shop, shop_coins
Orc:2:    pf_orc_diabolical, layout_diamond_mine, minmay_orc_barracks

Skill      XL: |  1  2  3  4  5  6  7  8  9 10 11 12 13 14 15 16 17 |
---------------+----------------------------------------------------+-----
Fighting       | 3 4 6 8 10 11 12 13 14 15 | 15.9
Armour         | 3 4 5 7 9 11 12 14 15 16 | 16.0
Axes           | 4 5 6 8 9 10 12 15 16 18 | 18.0
Evocations     | 1 4 5 10 12 14 16 | 16.0
Dodging        | 6 |  6.0
Shields        | 5 |  5.0

Action                   |  1- 3 |  4- 6 |  7- 9 | 10-12 | 13-15 | 16-18 || total
-------------------------+-------+-------+-------+-------+-------+-------++-------
Melee: Hand axe          |    74 |    61 |       |       |       |       ||   135
       War axe           |       |   108 |   306 |   806 |       |       ||  1220
       Broad axe         |       |       |       |    63 |   730 |       ||   793
       Glaive            |       |       |       |       |   539 |   876 ||  1415
       Executioner's axe |       |       |       |       |    66 |   135 ||   201
Throw: Stone             |    12 |     5 |     1 |     1 |       |       ||    19
       Javelin           |     4 |    18 |    10 |     7 |    46 |       ||    85
       Dart              |       |       |     3 |    20 |    20 |       ||    43
Invok: Berserk           |     1 |     7 |    11 |    22 |    25 |     9 ||    75
       Trog's Hand       |       |     1 |     9 |    31 |    17 |     8 ||    66
 Abil: Heal Wounds       |       |     2 |     3 |     1 |     1 |       ||     7
Evoke: Wand              |       |       |     5 |     5 |    38 |     3 ||    51
       Lamp of fire      |       |       |       |       |     3 |     2 ||     5
       Phial of floods   |       |       |       |       |       |     2 ||     2
  Use: Scroll            |       |     6 |     5 |    14 |    15 |     7 ||    47
       Potion            |       |       |       |     2 |     3 |     1 ||     6
 Stab: Sleeping          |     1 |       |       |       |       |       ||     1
  Eat: Chunk             |       |    13 |    13 |    84 |    70 |    25 ||   205
       Ration            |       |       |     3 |     1 |       |     1 ||     5
Armor: Animal skin       |     7 |       |       |       |       |       ||     7
       Ring mail         |    15 |    45 |       |       |       |       ||    60
       Scale mail        |       |    25 |     5 |       |       |       ||    30
       Chain mail        |       |       |   196 |   213 |   427 |    31 ||   867
       Plate armour      |       |       |       |   127 |       |   697 ||   824
Dodge: Dodged            |    52 |   112 |   177 |   429 |   931 |   567 ||  2268
Block: Buckler           |       |       |       |    64 |   160 |       ||   224
